 Dungeon Crawl Stone Soup version 0.27.1-4-g1640c2035a (webtiles) character file.

Game seed: 7896453865293407374

126 pkoi the Insei (level 4, -1/38 HPs)
             Began as a Draconian Monk on Nov 11, 2021.
             Slain by an orc wizard (2 damage)
             ... on level 3 of the Dungeon.
             The game lasted 00:03:31 (2122 turns).

pkoi the Insei (Draconian Monk)                     Turns: 2122, Time: 00:03:32

Health: -1/38      AC: 11    Str: 13    XL:     4   Next: 83%
Magic:  4/4        EV: 12    Int: 11    God:
Gold:   79         SH:  0    Dex: 14    Spells: 1/3 levels left

rFire    + + .     SeeInvis .   b - +3 Elemental Staff {rElec rF++ rC++ Will++ AC+5}
rCold    + + .     Faith    .   (no shield)
rNeg     . . .     Spirit   .   (armour unavailable)
rPois    .         Reflect  .   (helmet restricted)
rElec    +         Harm     .   m - +0 cloak
rCorr    .         Rampage  .   (no gloves)
Will     ++...                  (no boots)
Stlth    ++........             (no amulet)
HPRegen  0.12/turn              (no ring)
MPRegen  0.09/turn              (no ring)

@: no status effects
A: AC +5, unfitting armour, cold-blooded
a: no special abilities


You were on level 3 of the Dungeon.
You visited 1 branch of the dungeon, and saw 4 of its levels.

You collected 79 gold pieces.

Inventory:

Hand Weapons
 b - the +3 Elemental Staff (weapon) {rElec rF++ rC++ Will++ AC+5}
   (You acquired it on level 4 of the Dungeon)

   If the wielder is skilled in Evocations, they can discharge powerful blasts
   of elemental energy when striking with it.
   It enhances your fire, ice, earth and air magic.
   AC:        It affects your AC (+5).
   rF:        It greatly protects you from fire.
   rC:        It greatly protects you from cold.
   rElec:     It insulates you from electricity.
   Will:      It greatly increases your willpower.
 i - a +3 dagger of speed
 j - a +1 dagger of electrocution
Missiles
 a - 2 throwing nets (quivered)
 c - 4 javelins
Armour
 m - a +0 cloak (worn)
Scrolls
 e - 3 scrolls of identify
Potions
 d - a potion of lignification {unknown}
 g - a potion of cancellation {unknown}
 k - a potion of brilliance {unknown}
 l - 2 potions of heal wounds {unknown}
 n - a potion of flight


   Skills:
 - Level 3.2 Fighting
 + Level 0.0 Staves
 - Level 2.6 Dodging
 - Level 1.7 Stealth
 + Level 5.6 Unarmed Combat
 + Level 0.0 Spellcasting
 + Level 0.0 Translocations
 + Level 0.0 Evocations


You had one spell level left.
You knew the following spells:

 Your Spells              Type           Power      Damage    Failure   Level
a - Blink                 Tloc           N/A        N/A       47%         2

Your spell library contained the following spells:

 Spells                   Type           Power      Damage    Failure   Level
 Sting                    Tmut/Pois      0%         1d3       34%         1
 Poisonous Vapours        Pois/Air       0%         N/A       47%         2
 Olgreb's Toxic Radiance  Pois           0%         N/A       98%         4
 Manifold Assault         Tloc           0%         N/A       100%        5
 Storm Form               Tmut/Air       0%         N/A       100%        7


Dungeon Overview and Level Annotations

Branches:
Dungeon (4/15)
 Temple: D:4-7

Altars:
Nemelex Xobeh

Annotations:
D:3 Sigmund


Innate Abilities, Weirdness & Mutations

Your plain brown scales are hard. (AC +5)
You cannot fit into any form of body armour.
You are cold-blooded and may be slowed by cold attacks.


Message History

* * * LOW HITPOINT WARNING * * *
You climb upwards.
Level annotation: Sigmund Reactivating autopickup.
There is a stone staircase leading down here.
Unknown command.
Unknown command.
Unknown command.
Deactivating autopickup; reactivate with Ctrl-A.
You hit something.
Your tail-slap misses something.
Something hits you but does no damage. The orc misses you.
The goblin closely misses you. Something hits you but does no damage.
Something completely misses you.
You miss something. The orc hits you with a +0 war axe.
* * * LOW HITPOINT WARNING * * *
The goblin completely misses you. Something hits you but does no damage.
Something hits you.
* * * LOW HITPOINT WARNING * * *
You hit something. The endoplasm hits you.
* * * LOW HITPOINT WARNING * * *
The orc hits you but does no damage. The goblin misses you. Something hits you.
* * * LOW HITPOINT WARNING * * *
Something hits you but does no damage.
Unknown command.
You barely miss something. You tail-slap something.
The endoplasm barely misses you. The orc hits you with a +0 war axe.
* * * LOW HITPOINT WARNING * * *
The goblin barely misses you.
Something hits you but does no damage. x2
The endoplasm hits you.
* * * LOW HITPOINT WARNING * * *
Unknown command.
You closely miss something. The orc hits you with a +0 war axe.
* * * LOW HITPOINT WARNING * * *
Something hits you.
* * * LOW HITPOINT WARNING * * *
The goblin barely misses you. Something barely misses you.
The endoplasm jiggles.
The endoplasm hits you but does no damage.
Something hits you.
You die...

#...................### #
#...#............>..# #
#.P.#####.........^.# #
#.P.###...#.........# #####
#.P.##..###.........# ##....
#.P.##.##...........####..##.
#...##.##.#..............##..
#....#....#goJ.......###....#
#._..#..####@{...<.....(.####
#####....#..## ##{....#......#
.........<...###.........#...# ##
......P..<........##.#...#(#.# ..
......P......####......###.#....#
......P......# #....### ......#.
......P......# ..... ....##...
.................... .#### ##.
####......###...# #.


You could see an orc, an endoplasm and a goblin.

Vanquished Creatures
  4 adders
  A white imp (D:4)
  4 worms (D:2)
  2 dart slugs (D:1)
  An orc (D:4)
  10 bats
  4 endoplasms
  2 giant cockroaches (D:1)
  3 hobgoblins
  4 jackals (D:2)
  9 kobolds
  A quokka (D:3)
  10 ball pythons
  A frilled lizard (D:2)
  8 goblins
  3 rats (D:2)
67 creatures vanquished.

Vanquished Creatures (others)
  A fungus (D:3)
1 creature vanquished.

Grand Total: 68 creatures vanquished

Notes
Turn   | Place    | Note
-------+----------+-------------------------------------------
     0 | D:1      | pkoi the Draconian Monk began the quest for the Orb.
     0 | D:1      | Reached XP level 1. HP: 19/19 MP: 1/1
    94 | D:1      | Reached XP level 2. HP: 22/26 MP: 2/2
   241 | D:1      | Reached skill level 4 in Unarmed Combat
   309 | D:1      | Found a faded altar of an unknown god.
   475 | D:1      | Reached XP level 3. HP: 29/31 MP: 3/3
   920 | D:2      | Reached XP level 4. HP: 26/38 MP: 4/4
   931 | D:2      | Reached skill level 5 in Unarmed Combat
  1170 | D:2      | Learned a level 2 spell: Blink
  1430 | D:3      | Found a sparkling altar of Nemelex Xobeh.
  1684 | D:3      | Noticed Sigmund
  1852 | D:4      | Identified a scroll of acquirement
  1852 | D:4      | Acquired the +3 Elemental Staff {rElec rF++ rC++ Will++
                  | AC+5}
  1852 | D:4      | Found the +3 Elemental Staff {rElec rF++ rC++ Will++ AC+5}
  2122 | D:3      | HP: 1/38 [something (3)]
  2122 | D:3      | Slain by an orc wizard

Illustrated notes

Levels and vault maps discovered:
D:1:      amcnicky_arrival_blooded_trapdoor, layout_rooms,
          basic_ecumenical_altar
D:2:      layout_rooms, minmay_between
D:3:      layout_rooms, regret_index_temple_of_mockery,
          mainiacjoe_overflow_boulevard, uniq_sigmund
D:4:      layout_gridville, portal_sewer_entry_e, palyth_stone_intersect,
          uniq_ijyb

Skill      XL: |  1  2  3  4 |
---------------+-------------+-----
Unarmed Combat | 4 5 |  5.6
Fighting       | |  3.2
Dodging        | |  2.6
Stealth        | |  1.7

Action                   |  1- 3 |  4- 6 || total
-------------------------+-------+-------++-------
Melee: Unarmed           |   114 |       ||   114
       Tailslap          |    16 |    14 ||    30
       Punch             |     2 |     2 ||     4
       Dagger            |    40 |    96 ||   136
       Staff             |       |    15 ||    15
  Use: Scroll            |       |     6 ||     6
 Stab: Sleeping          |     1 |     1 ||     2
Armor: Skin              |    44 |    40 ||    84
Dodge: Dodged            |   127 |    68 ||   195
